 Dungeon Crawl Stone Soup version 0.30-a0-715-gdb4ae3ece1 (webtiles) character file.

Game seed: 18323855405126353185

685393 Conn the Ruinous (level 27, -10/121 HPs)
             Began as an Octopode Fire Elementalist on Jan 23, 2023.
             Was a Priest of Sif Muna.
             Killed from afar by Eleyxoem the pandemonium lord (65 damage)
             ... with a great icy blast
             ... on level 23 of a ziggurat on Jan 24, 2023.
             The game lasted 09:36:54 (90457 turns).

Conn the Ruinous (Octopode Fire Elementalist)      Turns: 90457, Time: 09:36:55

Health: -10/121    AC:  7    Str: 21    XL:     27
Magic:  40/70      EV: 28    Int: 36    God:    Sif Muna [***...]
Gold:   7906       SH: 40    Dex: 23    Spells: 2/76 levels left

rFire   + + +      SeeInvis .    b - staff of fire
rCold   + . .      Faith    .    h - +18 shield of the Gong {Loud rElec rN+ Will+ EV-5}
rNeg    + . .      Spirit   .    n - +2 hat {Stlth+}
rPois   +          Reflect  +    x - amulet of reflection
rElec   +          Harm     .    j - ring of Xom's Amusement {rPois rF+ Int+2}
rCorr   +          Rampage  .    J - ring of the Hare {EV+10}
Will    ++++.                    W - +4 ring of protection
Stlth   +++++++                  e - ring "Hobeajay" {rPois rCorr MP+9 Dex+6}
HPRegen 0.40/turn                I - ring "Fiofeffekhle" {Str+5 Int+6}
MPRegen 0.42/turn                C - ring "Vuesye Wymay" {rF+ rC+ Str+6}
                                 m - ring "Meryog" {Will+ rCorr EV+5 Dex+4}
                                 F - ring of magical power

@: brilliant, on dragon call cooldown, very slightly contaminated, hasted
(expiring), studying 5 skills, very quick
A: almost no armour, amphibious, 8 rings, camouflage 2, gelatinous body 1,
(nimble swimmer 1), tentacles, beak, wild magic 1, MP-powered wands, noise
suppression
}: 4/15 runes: barnacled, slimy, silver, gossamer
a: Renounce Religion, Channel Magic, Forget Spell


You were on level 23 of a ziggurat.
You worshipped Sif Muna.
Sif Muna was most pleased with you.
You visited 9 branches of the dungeon, and saw 46 of its levels.
You visited Pandemonium 1 time, and saw 3 of its levels.
You visited 1 bazaar.
You visited 1 ziggurat, and saw 23 of its levels.
You also visited: Trove, Ossuary, Bailey and Gauntlet.

You collected 10696 gold pieces.
You spent 2790 gold pieces at shops.

Inventory:

Hand Weapons
 a - the +8 mace "Vififylu" {flame, rElec rC+ rN++}
   (You bought it in a shop in a bazaar)

   rC:        It protects you from cold.
   rElec:     It insulates you from electricity.
   rN:        It greatly protects you from negative energy.
 u - the +4 broad axe "Vef Rypp" {heavy, Int+5 SInv}
   (You found it on level 1 of the Elven Halls)

   Int:       It affects your intelligence (+5).
   SInv:      It lets you see invisible.
 M - the +6 arbalest "Damnation" {damnation}
   (You found it on level 5 of the Vaults)
 O - the +9 staff of Wucad Mu {*channel}
   (You found it on level 18 of a ziggurat)

   *Channel:  It occasionally powers its wielder's spells, but with a chance of
   causing confusion or draining the wielder's intelligence.
   It becomes more likely to activate and less likely to backfire with increased
   Evocations skill.
Armour
 h - the +18 shield of the Gong (worn) {Loud rElec rN+ Will+ EV-5}
   (You found it on level 5 of the Pits of Slime)

   Loud:      It is deafeningly noisy when blocking attacks.
   EV:        It affects your evasion (-5).
   rElec:     It insulates you from electricity.
   rN:        It protects you from negative energy.
   Will:      It increases your willpower.
 n - a +2 hat of stealth (worn)
 B - the +4 buckler of Plasticity {rPois rCorr}
   (You acquired it on level 14 of the Dungeon)

   rPois:     It protects you from poison.
   rCorr:     It protects you from acid and corrosion.
Magical Staves
 b - a staff of fire (weapon)
 g - a staff of conjuration
 Y - a staff of cold
Jewellery
 d - the ring "Obecw" {EV+5 Dex+5}
   (You found it on level 4 of a ziggurat)

   [ring of evasion]

   EV:        It affects your evasion (+5).
   Dex:       It affects your dexterity (+5).
 e - the ring "Hobeajay" (on tentacle) {rPois rCorr MP+9 Dex+6}
   (You found it on level 18 of a ziggurat)

   [ring of dexterity]

   Dex:       It affects your dexterity (+6).
   rPois:     It protects you from poison.
   MP:        It affects your magic capacity (+9).
   rCorr:     It protects you from acid and corrosion.
 j - the ring of Xom's Amusement (left tentacle) {rPois rF+ Int+2}
   (You found it on level 16 of a ziggurat)

   [ring of poison resistance]

   Int:       It affects your intelligence (+2).
   rF:        It protects you from fire.
   rPois:     It protects you from poison.
 l - the ring of Haiwkaez {Int+4 Dex+6}
   (You found it on level 12 of a ziggurat)

   [ring of dexterity]

   Int:       It affects your intelligence (+4).
   Dex:       It affects your dexterity (+6).
 m - the ring "Meryog" (on tentacle) {Will+ rCorr EV+5 Dex+4}
   (You found it in a treasure trove)

   [ring of evasion]

   EV:        It affects your evasion (+5).
   Dex:       It affects your dexterity (+4).
   rCorr:     It protects you from acid and corrosion.
   Will:      It increases your willpower.
 r - the ring of Relyq {Ice rPois rN+}
   (You found it on level 21 of a ziggurat)

   [ring of ice]

   It enhances your ice magic.
   rF:        It makes you vulnerable to fire.
   rC:        It protects you from cold.
   rPois:     It protects you from poison.
   rN:        It protects you from negative energy.
 t - a +6 ring of dexterity
 x - an amulet of reflection (around mantle)
 z - the ring of Gosto {rElec rC+ Str-3 Stlth+}
   (You found it in a treasure trove)

   [ring of protection from cold]

   Str:       It affects your strength (-3).
   rC:        It protects you from cold.
   rElec:     It insulates you from electricity.
   Stlth:     It makes you more stealthy.
 A - the amulet "Emalohu" {RegenMP Drain Str+4 Dex+3 Stlth+}
   (You took it off a deep elf elementalist on level 3 of the Elven Halls)

   [amulet of magic regeneration]

   It increases your rate of magic regeneration.
   Str:       It affects your strength (+4).
   Dex:       It affects your dexterity (+3).
   Drain:     It drains your maximum health when unequipped.
   Stlth:     It makes you more stealthy.
 C - the ring "Vuesye Wymay" (on tentacle) {rF+ rC+ Str+6}
   (You found it on level 17 of a ziggurat)

   [ring of strength]

   Str:       It affects your strength (+6).
   rF:        It protects you from fire.
   rC:        It protects you from cold.
 E - the ring "Juiteib" {rPois rF+}
   (You found it on level 19 of a ziggurat)

   [ring of protection from fire]

   rF:        It protects you from fire.
   rPois:     It protects you from poison.
 F - a ring of magical power (on tentacle)
 I - the ring "Fiofeffekhle" (on tentacle) {Str+5 Int+6}
   (You took it off a deep elf annihilator on level 3 of the Elven Halls)

   [ring of intelligence]

   Str:       It affects your strength (+5).
   Int:       It affects your intelligence (+6).
 J - the ring of the Hare (right tentacle) {EV+10}
   (You found it on level 23 of a ziggurat)

   [ring of evasion]

   EV:        It affects your evasion (+10).
 L - the ring of Past Mistakes {rF+ rN+ rCorr}
   (You found it on level 17 of a ziggurat)

   [ring of protection from fire]

   rF:        It protects you from fire.
   rN:        It protects you from negative energy.
   rCorr:     It protects you from acid and corrosion.
 N - the ring "Irumynar" {*Slow rF++ Will+ Int+3}
   (You found it on level 21 of a ziggurat)

   [ring of willpower]

   Int:       It affects your intelligence (+3).
   rF:        It greatly protects you from fire.
   *Slow:     It may slow you when you take damage.
   Will:      It increases your willpower.
 P - a +4 ring of protection
 R - the amulet of the Four Winds {rN+ Will+++ Clar}
   (You found it in a treasure trove)

   [amulet of nothing]

   rN:        It protects you from negative energy.
   Clar:      It protects you against confusion.
   Will:      It greatly increases your willpower.
 V - the ring of Araf {rF+ rN+ Will- SInv}
   (You found it on level 3 of the Spider Nest)

   [ring of see invisible]

   rF:        It protects you from fire.
   rN:        It protects you from negative energy.
   SInv:      It lets you see invisible.
   Will:      It decreases your willpower.
 W - a +4 ring of protection (on tentacle)
 Z - the amulet of the Air {Inacc Air Fly rElec RMsl}
   (You found it in a treasure trove)

   [amulet of nothing]

   Inacc:     It reduces the accuracy of your attacks and spells.
   Air:       It enhances your air magic.
   rElec:     It insulates you from electricity.
   Fly:       It grants you flight.
   RMsl:      It protects you from missiles.
Wands
 o - a wand of iceblast (47)
 p - a wand of digging (18)
 y - a wand of charming (31)
Scrolls
 q - 12 scrolls of fog
 s - 31 scrolls of teleportation
 w - 3 scrolls of torment
 D - 2 scrolls of amnesia
 G - 11 scrolls of magic mapping
 H - 5 scrolls of immolation
 Q - 9 scrolls of poison
 T - 10 scrolls of enchant armour
 X - 6 scrolls of fear
Potions
 c - 14 potions of curing
 f - 3 potions of brilliance
 i - 12 potions of flight
 k - 2 potions of resistance
 v - 2 potions of lignification
 K - 2 potions of haste
 S - 5 potions of cancellation
 U - 5 potions of magic


   Skills:
 + Level 4.0 Fighting
 + Level 0.7 Short Blades
 + Level 2.5(3.2) Axes
 + Level 3.0(3.7) Maces & Flails
 + Level 1.5(2.5) Staves
 + Level 7.2 Dodging
 - Level 6.2 Stealth
 * Level 20.5 Shields
 * Level 25.0 Spellcasting
 + Level 25.6 Conjurations
 + Level 6.3 Hexes
 + Level 7.1 Summonings
 + Level 0.9 Necromancy
 + Level 8.3 Translocations
 + Level 24.4 Fire Magic
 + Level 5.1 Ice Magic
 + Level 5.9 Air Magic
 + Level 10.2 Earth Magic
 + Level 2.3 Poison Magic
 * Level 14.6 Invocations
 + Level 1.7 Evocations


You had 2 spell levels left.
You knew the following spells:

 Your Spells              Type           Power      Damage    Failure   Level
a - Foxfire               Conj/Fire      100%       2x1d9     1%          1
b - Lehudib's Crystal Sp  Conj/Erth      74%        10d17     4%          8
c - Ignition              Fire           95%        3d24      1%          8
d - Flame Wave            Conj/Fire      100%       2d21      1%          4
e - Scorch                Fire           100%       2d10      1%          2
f - Fireball              Conj/Fire      95%        3d35      1%          5
g - Fire Storm            Conj/Fire      95%        8d24      4%          9
h - Orb of Destruction    Conj           82%        9d18      1%          7
i - Spellforged Servitor  Conj/Summ      72%        N/A       1%          7
j - Dispersal             Tloc           58%        N/A       5%          6
k - Call Canine Familiar  Summ           100%       N/A       1%          3
l - Blink                 Tloc           100%       N/A       1%          2
m - Iskenderun's Mystic   Conj/Tloc      100%       2d19      1%          4
n - Hailstorm             Conj/Ice       100%       3d20      1%          3
o - Summon Forest         Summ/Tloc      57%        N/A       1%          5

Your spell library contained the following spells:

 Spells                   Type           Power      Damage    Failure   Level
 Apportation              Tloc           100%       N/A       1%          1
 Freeze                   Ice            100%       1d10      1%          1
 Kiss of Death            Conj/Necr      100%       2d13      1%          1
 Magic Dart               Conj           100%       1d8       1%          1
 Necrotise                Necr           100%       1d9       1%          1
 Sandblast                Erth           100%       2d20      1%          1
 Shock                    Conj/Air       100%       1d9       1%          1
 Slow                     Hex            100%       N/A       1%          1
 Sting                    Tmut/Pois      100%       1d8       1%          1
 Summon Small Mammal      Summ           100%       N/A       1%          1
 Call Imp                 Summ           100%       N/A       1%          2
 Cigotuvi's Dreadful Rot  Necr/Pois/Air  100%       N/A       1%          2
 Ensorcelled Hibernation  Hex/Ice        100%       N/A       1%          2
 Lesser Beckoning         Tloc           100%       N/A       1%          2
 Momentum Strike          Conj/Tloc      100%       3d10      1%          2
 Passwall                 Tmut/Erth      85%        N/A       1%          2
 Poisonous Vapours        Pois/Air       100%       N/A       1%          2
 Searing Ray              Conj           100%       2d8       1%          2
 Static Discharge         Conj/Air       100%       2-7/arc   1%          2
 Sublimation of Blood     Necr           79%        N/A       1%          2
 Wereblood                Tmut           73%        N/A       2%          2
 Confusing Touch          Hex            100%       N/A       1%          3
 Dazzling Flash           Conj/Hex       100%       N/A       1%          3
 Frozen Ramparts          Ice            100%       1d16      1%          3
 Gell's Gravitas          Tloc           100%       N/A       1%          3
 Ignite Poison            Fire/Tmut/Pois 100%       N/A       1%          3
 Inner Flame              Hex/Fire       100%       N/A       1%          3
 Kindle Blastsparks       Fire/Tloc/Air  100%       2d18      1%          3
 Mephitic Cloud           Conj/Pois/Air  100%       N/A       1%          3
 Ozocubu's Armour         Ice            100%       N/A       1%          3
 Portal Projectile        Hex/Tloc       100%       N/A       1%          3
 Stone Arrow              Conj/Erth      100%       3d13      1%          3
 Summon Guardian Golem    Hex/Summ       100%       N/A       1%          3
 Swiftness                Air            100%       N/A       1%          3
 Teleport Other           Tloc           100%       N/A       1%          3
 Tukima's Dance           Hex            100%       N/A       1%          3
 Vhi's Electric Charge    Tloc/Air       100%       N/A       1%          3
 Airstrike                Air            53%        2d(8-24)  1%          4
 Cause Fear               Hex            54%        N/A       1%          4
 Fulminant Prism          Conj/Hex       71%        3d30      1%          4
 Leda's Liquefaction      Hex/Erth       58%        N/A       1%          4
 Manifold Assault         Tloc           100%       N/A       1%          4
 Passage of Golubria      Tloc           100%       N/A       1%          4
 Petrify                  Tmut/Erth      100%       N/A       1%          4
 Sticky Flame             Conj/Fire      100%       2d11      1%          4
 Summon Ice Beast         Ice/Summ       100%       N/A       1%          4
 Summon Lightning Spire   Summ/Air       100%       N/A       1%          4
 Arcjolt                  Conj/Air       71%        1d81      1%          5
 Freezing Cloud           Conj/Ice/Air   65%        6-21      1%          5
 Irradiate                Conj/Tmut      66%        3d33      1%          5
 Iskenderun's Battlesphe  Conj           100%       2d15      1%          5
 Lee's Rapid Deconstruct  Erth           62%        3d28*     1%          5
 Lightning Bolt           Conj/Air       71%        1d96      1%          5
 Conjure Ball Lightning   Conj/Air       71%        3x3d26    1%          6
 Iron Shot                Conj/Erth      74%        9d14      1%          6
 Starburst                Conj/Fire      95%        6d24      1%          6
 Spider Form              Tmut/Pois      81%        N/A       2%          3
 Vampiric Draining        Necr           79%        2d11      2%          3
 Summon Mana Viper        Hex/Summ       100%       N/A       2%          5
 Anguish                  Hex/Necr       47%        N/A       3%          4
 Borgnjor's Vile Clutch   Necr/Erth      52%        N/A       3%          5
 Metabolic Englaciation   Hex/Ice        53%        N/A       3%          5
 Silence                  Hex/Air        54%        N/A       3%          5
 Ice Form                 Ice/Tmut       90%        N/A       4%          4
 Olgreb's Toxic Radiance  Pois           88%        N/A       4%          4
 Animate Dead             Necr           79%        N/A       8%          4
 Dispel Undead            Necr           79%        3d26      8%          4
 Yara's Violent Unravell  Hex/Tmut       46%        3d18      8%          5
 Summon Cactus Giant      Summ           56%        N/A       9%          6
 Alistair's Intoxication  Tmut/Pois      54%        N/A       17%         5
 Agony                    Necr           79%        N/A       19%         5
 Statue Form              Tmut/Erth      68%        N/A       19%         6
 Blade Hands              Tmut           36%        N/A       26%         5
 Malign Gateway           Summ/Tloc      57%        N/A       32%         7
 Simulacrum               Ice/Necr       46%        N/A       36%         6
 Monstrous Menagerie      Summ           56%        N/A       38%         7
 Summon Hydra             Summ           56%        N/A       38%         7
 Enfeeble                 Hex            54%        N/A       47%         7
 Eringya's Noxious Bog    Tmut/Pois      40%        N/A       63%         6
 Death Channel            Necr           39%        N/A       65%         6
 Ozocubu's Refrigeration  Ice            51%        4d18      65%         7
 Haunt                    Necr/Summ      49%        N/A       78%         7
 Chain Lightning          Conj/Air       71%        3d94      78%         9
 Disjunction              Tloc           58%        N/A       87%         8
 Storm Form               Tmut/Air       46%        N/A       90%         7
 Summon Horrible Things   Summ           56%        N/A       96%         8
 Discord                  Hex            54%        N/A       98%         8
 Maxwell's Capacitive Co  Air            53%        ∞         99%         8
 Dragon Form              Tmut           36%        N/A       100%        7
 Borgnjor's Revivificati  Necr           39%        N/A       100%        8
 Necromutation            Tmut/Necr      38%        N/A       100%        8
 Death's Door             Necr           39%        N/A       100%        9
 Dragon's Call            Summ           56%        N/A       100%        9
 Polar Vortex             Ice            51%        N/A       100%        9
 Shatter                  Erth           62%        3d46*     100%        9
 Animate Armour           Summ/Erth      Unusable   N/A       N/A         4

Dungeon Overview and Level Annotations

Branches:
Dungeon (15/15)            Temple (0/1) D:5            Lair (5/5) D:9
 Shoals (4/4) Lair:3       Spider (4/4) Lair:3        Slime (5/5) Lair:5
    Orc (2/2) D:11            Elf (3/3) Orc:2        Vaults (5/5) D:13
  Crypt (0/3) Vaults:2     Depths (3/4) D:15        Ossuary (visited)
 Bailey (visited)         Gauntlet (visited)

Altars:
Ashenzari
Cheibriados
Dithmenos
Elyvilon
Fedhas
Gozag
Kikubaaqudgha
Makhleb
Okawaru
Qazlal
Sif Muna
Trog
Vehumet
Wu Jian
Xom
Zin
The Shining One
Jiyva
Lugonu

Shops:
D:1 !   D:3 =   D:12 ([=   Orc:1 ?   Orc:2 !(*:   Elf:1 ?[*   Elf:2 *
Shoals:4 *   Depths:3 *

Portals:
Hell: Depths:1 Depths:2 Depths:3
Abyss: D:6 Depths:2
Pandemonium: Orc:2 Depths:2


Innate Abilities, Weirdness & Mutations

You cannot wear most types of armour.
You are amphibious.
You can wear up to eight rings at the same time.
Your skin blends seamlessly with your surroundings (Stealth++).
Your rubbery body absorbs attacks. (AC +1, EV +1)
((You are camouflaged when in or above water. (Stealth+)))
You have tentacles for arms and can constrict up to eight enemies at once.
You have a beak for a mouth.
Your spells are a little harder to cast, but a little more powerful.
You expend magic power (3 MP) to strengthen your wands.
You passively dampen the noise of your surroundings.


Message History

Doojesai is almost dead.
Doojesai is engulfed in blazing flames.
Eleyxoem gestures at you. The bolt of fire hits your fire vortex.
Your fire vortex completely resists.
The bolt of fire hits you. You resist.
Casting: Fire Storm (dangerous; 4% risk of failure)
Confirm with . or Enter, or press ? or * to list all spells.
Aiming: Fire Storm (dangerous; 4% risk of failure)
Press: ? - help, Dir - move target You feel a strong surge of power!
Really fire at your golden dragon?
You miscast Fire Storm.
You are very lightly contaminated with residual magic.
You feel a strange surge of energy!! Doojesai gestures at you.
The brown ugly thing blinks into view!
Eleyxoem blinks!
The brown very ugly thing blinks into view!
Casting: Fire Storm (dangerous; 4% risk of failure)
Confirm with . or Enter, or press ? or * to list all spells.
Casting: Dispersal (dangerous; 5% risk of failure)
Press: ? - help, Dir - look around, f - activate You feel a surge of power!
Eleyxoem blinks!
Your spellforged servitor blinks!
The brown ugly thing disappears!
The brown very ugly thing disappears!
Eleyxoem blinks!
Your fire vortex blinks!
Your golden dragon blinks!
Your fire vortex hits Doojesai.
Your fire vortex burns Doojesai!
Doojesai completely resists.
Your fire vortex dissipates!
Doojesai is engulfed in blazing flames.
Doojesai gestures at you.
The bolt of dispelling energy misses your fire vortex.
The bolt of dispelling energy hits you!!!
Your magical effects are unravelling.
Eleyxoem gestures at you.
Eleyxoem conjures a mighty blast of ice!
The great icy blast engulfs you!!! You partially resist.
Ouch! That really hurt!
You die...

.......#####...▓▓
........###.....▓▓
.................▓
..........v..vv..▓▓
.........○○○○v....▓
.........○°D○○§...▓
.........°&vv○?}|)▓
.........○○v○°)"§§▓
.........°○9○°.§@§▓▓
.&.........v.})&>?:▓
.&............||∩§▓▓
p..u..4.......[)|=▓
...uu.u..v....[}):▓
..v...............▓
..°..&v...........▓
.................▓▓
.................▓


You could see Doojesai (ally target), Eleyxoem (ally target), a friendly golden
dragon (summoned), a friendly spellforged servitor (summoned) and 9 friendly
fire vortices.

Vanquished Creatures
  the Royal Jelly (Slime:5)
  2 ancient liches
  3 juggernauts
  Boris (Vaults:4)
  Frederick (Depths:3)
  2 shard shrikes (Zig:21)
  10 Killer Klowns
  A caustic shrike (Zig:10)
  4 golden dragons
  Nikola (Elf:3)
  A pearl dragon (Pan)
  2 bone dragons (Zig:16)
  4 tentacled monstrosities
  2 Tzitzimimeh
  A hellephant (Zig:10)
  10 Ice Fiends (Zig:21)
  16 pandemonium lords
  8 Hell Sentinels (Pan)
  7 deep elf blademasters
  A quicksilver dragon (Vaults:5)
  The ghost of Caratheodory the Stormcaller, an adept OpAE of Jiyva (Elf:3)
  3 titans (Vaults:5)
  25 acid blobs
  2 sphinxes
  22 deep elf master archers
  2 Executioners
  2 tentacled starspawn (Zig:12)
  5 ancient champions
  The ghost of Jemet the Peltast, an adept DDFi of Makhleb (Shoals:2)
  Gastronok (Lair:1)
  6 tengu reavers
  2 storm dragons
  7 daevas (Pan)
  An azure jelly (shapeshifter) (Zig:23)
  The ghost of Wewuh the Peltast, an adept GrFi of Gozag (Shoals:1)
  4 revenants
  9 narguns (Zig:21)
  6 frost giants
  27 azure jellies
  10 emperor scorpions
  7 nagarajas (Zig:19)
  15 rockslimes
  5 shadow dragons (Vaults:5)
  17 vault wardens
  2 iron dragons (Vaults:5)
  A draconian scorcher (Zig:7)
  5 ghost moths
  8 deep elf sorcerers
  A balrug (Zig:12)
  The ghost of Yceroow the Sorcerer, an adept DECj of Sif Muna (Shoals:2)
  4 fire giants
  9 angels (Pan)
  Louise (Shoals:2)
  5 deep elf elementalists (Elf:3)
  2 curse skulls (Zig:16)
  A ghost moth (shapeshifter) (Vaults:5)
  A broodmother (Spider:4)
  2 orc warlords
  28 stone giants
  A cacodemon (Zig:5)
  13 quicksilver oozes
  2 ghouls (Zig:16)
  25 ironbound preservers
  6 vampire knights
  3 war gargoyles
  4 ophanim (Pan)
  2 draconian annihilators (Zig:7)
  A demonspawn blood saint (Zig:9)
  4 demonspawn corrupters
  A reaper (Zig:14)
  11 apis (Pan)
  18 very ugly things
  A juggernaut skeleton (Depths:3)
  An eleionoma (Zig:13)
  8 ironbound thunderhulks
  A minotaur (Gauntlet)
  15 deep elf annihilators
  7 wendigos (Zig:21)
  8 deep elf demonologists
  8 dire elephants
  A lorocyproca (Zig:9)
  A bunyip (Zig:13)
  5 spark wasps
  A black draconian (Zig:7)
  A purple draconian (Zig:7)
  2 white draconians (Zig:7)
  A red draconian (Zig:7)
  Snorg (D:14)
  8 deep elf death magi
  5 green deaths
  3 eidola
  Josephine (D:14)
  10 merfolk impalers
  2 starcursed masses
  A jiangshi (Zig:16)
  19 merfolk javelineers
  3 fire dragons
  9 entropy weavers
  3 shambling mangroves (Zig:13)
  27 ettins
  10 great orbs of eyes
  3 blizzard demons
  22 yaktaur captains
  3 crystal guardians
  A rakshasa (Depths:2)
  Harold (Lair:1)
  2 demonspawn (Orc:2)
  Erolcha (D:11)
  4 hydras
  7 ice dragons
  3 peacekeepers
  17 deep elf high priests
  A hell beast (Zig:2)
  29 vault guards
  5 ironbound frosthearts
  3 anacondas
  2 alligator snapping turtles
  3 merfolk avatars (Shoals:4)
  2 radroaches
  8 salamander tyrants (Zig:19)
  2 spriggan air magi
  A ghost crab (Gauntlet)
  2 jorogumos
  2 anacondas (shapeshifter)
  2 merfolk aquamancers (Shoals:4)
  2 catoblepae
  A two-headed ogre (shapeshifter) (Zig:14)
  A jorogumo (shapeshifter) (Vaults:5)
  31 dancing weapons
  5 boulder beetles
  22 centaur warriors
  5 deep troll shamans
  14 two-headed ogres
  4 ogre magi
  4 tengu warriors
  9 satyrs
  7 death yaks (Depths:2)
  2 thrashing horrors
  A death scarab (Zig:15)
  3 hell hogs (Depths:1)
  11 orc high priests
  3 vampire magi
  2 naga warriors (Zig:19)
  A shock serpent (shapeshifter) (Zig:23)
  A spriggan berserker (Depths:3)
  8 deep troll earth magi
  12 naga sharpshooters
  3 shock serpents (Zig:19)
  11 sun demons
  7 hell knights
  13 soul eaters
  A spriggan (Zig:13)
  Nergalle (D:11)
  Sonja (Lair:5)
  6 sun moths
  4 skeletal warriors
  A sixfirhy (Orc:2)
  3 wretched stars (Zig:12)
  A fire crab (shapeshifter) (Zig:23)
  7 iron trolls
  A salamander mystic (Zig:19)
  Amaemon (Lair:2)
  22 deep elf knights
  4 cherubim (Pan)
  13 pharaoh ants
  5 shadow demons
  4 shadow wraiths
  A swamp dragon (Zig:13)
  53 deep trolls
  A flayed ghost (Zig:16)
  A glowing orange brain (shapeshifter) (Zig:23)
  2 goliath frogs (Zig:13)
  10 sea snakes
  A spriggan druid (Zig:10)
  2 death drakes (Zig:13)
  A swamp dragon (shapeshifter) (Zig:23)
  13 steelbarb worms
  A kraken simulacrum (Shoals:4)
  11 phantasmal warriors
  A naga ritualist (Zig:19)
  6 glowing orange brains
  21 deep elf archers
  5 wizards
  6 orb spiders
  23 ironbound convokers
  7 lindwurms
  Pikel (D:7)
  12 harpies
  43 deep elf pyromancers
  A mana viper (Zig:19)
  5 necromancers
  7 orc knights
  14 cyclopes
  33 wolf spiders
  38 deep elf zephyrmancers
  11 orc sorcerers
  A will-o-the-wisp (Zig:13)
  9 shining eyes
  25 manticores
  22 fauns
  40 ugly things
  A cyclops (shapeshifter) (Vaults:5)
  2 moths of wrath (shapeshifter)
  12 merfolk sirens
  A shining eye (shapeshifter) (Zig:17)
  A guardian serpent (shapeshifter) (Elf:1)
  2 salamanders
  7 elephants
  A spectral alligator snapping turtle (Shoals:1)
  15 centaur zombies (D:10)
  23 black mambas
  A fire giant skeleton (Depths:2)
  2 guardian serpents (Zig:19)
  3 naga magi (Zig:19)
  18 smoke demons
  5 moths of wrath
  2 elephants (shapeshifter)
  6 apocalypse crabs
  8 demonic crawlers
  13 torpor snails
  7 cane toads
  An ice statue (Gauntlet)
  A titan simulacrum (Depths:3)
  2 orange demons
  Maurice (D:11)
  2 gargoyles
  5 water nymphs
  3 eyes of devastation
  An unseen horror zombie (D:10)
  2 unseen horrors
  2 rime drakes
  Maggie (Lair:2)
  22 vault sentinels
  7 freezing wraiths
  Psyche (D:12)
  3 tengu conjurers
  3 efreet
  An unseen horror (shapeshifter) (Vaults:5)
  3 hellions
  3 kobold demonologists
  31 yaktaurs
  5 komodo dragons
  An ice devil (Depths:2)
  2 tormentors (Zig:21)
  5 ancient zymes
  A guardian mummy (Zig:1)
  3 red devils
  A meliai (shapeshifter) (Zig:23)
  Prince Ribbit (Lair:2)
  6 spectral merfolk (Shoals:1)
  8 wind drakes
  8 trolls
  4 tyrant leeches (Lair:5)
  15 hornets
  43 merfolk
  A hellwing (Zig:9)
  38 tarantellas
  A shadow dragon simulacrum (Zig:21)
  11 polar bears
  4 raiju (Lair:5)
  A raiju (shapeshifter) (Zig:23)
  9 dream sheep
  17 blink frogs
  A meliai zombie (D:10)
  23 jumping spiders
  A slime creature (shapeshifter) (Zig:14)
  16 snapping turtles
  A spectral wind drake (Shoals:1)
  27 culicivoras
  A culicivora (shapeshifter) (Zig:17)
  130 slime creatures
  Sigmund (D:2)
  3 air elementals
  7 shadows
  11 vampires
  10 water elementals
  14 wraiths
  4 fire elementals
  35 yaks
  2 spriggans (shapeshifter)
  4 wyverns
  A ynoxinul (Zig:9)
  2 steam dragons
  6 golden eyes
  2 humans (shapeshifter)
  11 chaos spawn
  12 neqoxecs
  6 basilisks
  6 vampire mosquitoes
  45 redbacks
  6 wargs
  19 water moccasins
  A swamp worm (shapeshifter) (Zig:14)
  13 hell hounds (Lair:5)
  2 acid dragons
  6 nagas (Zig:19)
  A glowing shapeshifter skeleton (Depths:2)
  A sky beast (D:6)
  12 black bears
  5 large abominations
  50 orc warriors
  19 ogres
  25 wolves
  12 centaurs
  4 lemures (D:7)
  4 kobold brigands
  6 earth elementals
  A gnoll sergeant (D:7)
  A water nymph simulacrum (Shoals:1)
  9 bullfrogs
  3 scorpions (D:5)
  A scorpion (shapeshifter) (Vaults:5)
  3 necrophages
  8 wights
  2 snapping turtle simulacra (Shoals:1)
  7 killer bees
  A vampire bat (Lair:5)
  3 howler monkeys (D:9)
  3 electric eels
  A jelly (D:6)
  3 hounds
  27 orc priests
  A gnoll bouda (D:4)
  8 iguanas
  13 orc wizards
  12 mummies
  A howler monkey zombie (D:10)
  21 gnolls
  8 adders
  2 shadow imps
  An ufetubus (D:6)
  A worm (D:2)
  74 orcs
  9 endoplasms
  3 giant cockroaches
  8 goblins
  7 hobgoblins
  4 jackals (D:4)
  2 quokkas
  4 ball pythons
  17 bats
  2 frilled lizards (D:3)
  A gnoll zombie (Ossuary)
  4 hobgoblin zombies (Ossuary)
  9 kobolds
  A kobold zombie (Ossuary)
  2 orc zombies (Ossuary)
  5 rats
  A bush (Lair:5)
  4 fire vortices
  A foxfire (Vaults:5)
  2 lurking horrors (D:6)
  2 starspawn tentacles (Zig:12)
2677 creatures vanquished.

Vanquished Creatures (collateral kills)
  Mennas (Pan)
  A Killer Klown (Zig:14)
  A caustic shrike (Zig:10)
  A Brimstone Fiend (Zig:5)
  A titan (Vaults:5)
  3 acid blobs (Slime:5)
  2 deep elf master archers
  A quicksilver dragon (shapeshifter) (Zig:23)
  A tengu reaver (Vaults:5)
  A shadow dragon (Zig:6)
  5 rockslimes
  A revenant (Zig:6)
  A vault warden (Vaults:5)
  An emperor scorpion (Spider:4)
  A curse skull (Zig:16)
  A broodmother (Spider:2)
  A very ugly thing (Zig:23)
  4 stone giants
  An apis (Pan)
  A dire elephant (D:15)
  An ettin (Depths:2)
  A deep elf death mage (Elf:3)
  2 merfolk javelineers (Zig:22)
  A shambling mangrove (Zig:13)
  A radroach (Zig:15)
  A salamander tyrant (Zig:19)
  2 dancing weapons (Elf:1)
  A vampire mage (Zig:16)
  A thrashing horror (Zig:12)
  A naga sharpshooter (Zig:19)
  A shock serpent (Zig:19)
  A soul eater (Pan)
  A pharaoh ant (Zig:15)
  A wretched star (Zig:12)
  A spatial maelstrom (Zig:12)
  An orb spider (Spider:4)
  A deep elf archer (Zig:18)
  A golden dragon skeleton (Depths:3)
  A phantasmal warrior (Zig:6)
  A deep elf pyromancer (Elf:1)
  A wolf spider (Spider:4)
  2 deep elf zephyrmancers
  An ugly thing (Zig:23)
  A faun (Zig:20)
  A frost giant zombie (Depths:2)
  A titan simulacrum (Depths:2)
  An apocalypse crab (Zig:23)
  A yaktaur (Zig:22)
  A blink frog (Zig:10)
  5 slime creatures
  An air elemental (Zig:17)
  A fire bat (shapeshifter) (Zig:23)
  3 chaos spawn
  A floating eye (Depths:1)
  An ogre (Zig:11)
  A glowing shapeshifter simulacrum (Depths:2)
  An earth elemental (Elf:1)
  22 foxfires
98 creatures vanquished.

Vanquished Creatures (others)
  Bai Suzhen (Vaults:4)
  An acid blob (Slime:5)
  An ogre mage (D:12)
  A centaur warrior (D:12)
  A sphinx simulacrum (Zig:21)
  564 fire vortices
  1587 foxfires
  12 fungi
  213 plants
  21 withered plants
2402 creatures vanquished.

Grand Total: 5177 creatures vanquished

Notes
Turn   | Place    | Note
-------+----------+-------------------------------------------
     0 | D:1      | Conn the Octopode Fire Elementalist began the quest for the
                  | Orb.
     0 | D:1      | Reached XP level 1. HP: 11/11 MP: 3/3
   162 | D:1      | Found Beleso's Distillery.
   320 | D:1      | Reached XP level 2. HP: 17/17 MP: 1/5
   884 | D:1      | Found a faded altar of an unknown god.
  1066 | D:2      | Reached XP level 3. HP: 21/21 MP: 1/6
  1069 | D:2      | Learned a level 2 spell: Scorch
  1073 | D:2      | Learned a level 3 spell: Inner Flame
  1338 | D:2      | Noticed Sigmund
  1345 | D:2      | Killed Sigmund
  1346 | D:2      | Reached XP level 4. HP: 19/27 MP: 0/8
  1346 | D:2      | Reached XP level 5. HP: 22/31 MP: 0/9
  1425 | D:2      | Found a blossoming altar of Fedhas.
  2193 | D:3      | Found a shimmering blue altar of Sif Muna.
  2196 | D:3      | Became a worshipper of Sif Muna the Loreminder
  2233 | D:3      | Found Padunweock's Jewellery Shop.
  2390 | D:3      | Reached XP level 6. HP: 36/36 MP: 8/11
  3005 | D:4      | Found a glowing silver altar of Zin.
  3168 | D:5      | Entered Level 5 of the Dungeon
  3226 | D:5      | Reached skill level 5 in Stealth
  3361 | D:5      | Reached skill level 1 in Invocations
  3361 | D:5      | Reached XP level 7. HP: 37/41 MP: 0/12
  3712 | D:4      | Learned a level 4 spell: Flame Wave
  3714 | D:4      | Learned a level 1 spell: Slow
  3758 | D:4      | Reached skill level 5 in Fire Magic
  4006 | D:4      | Reached * piety under Sif Muna
  4366 | D:4      | Reached skill level 1 in Axes
  4746 | D:5      | Reached XP level 8. HP: 47/47 MP: 8/14
  4941 | D:5      | Found a staircase to the Ecumenical Temple.
  5815 | D:6      | Reached skill level 5 in Spellcasting
  5987 | D:6      | Found a snail-covered altar of Cheibriados.
  6080 | D:6      | Reached ** piety under Sif Muna
  6244 | D:6      | Found an iron altar of Okawaru.
  6326 | D:6      | Found a bloodstained altar of Trog.
  6425 | D:6      | Found a one-way gate to the infinite horrors of the Abyss.
  6623 | D:6      | Reached XP level 9. HP: 36/52 MP: 7/17
  6789 | D:6      | Reached skill level 5 in Conjurations
  6839 | D:6      | Learned a level 5 spell: Fireball
  6840 | D:6      | Found a corrupted altar of Lugonu.
  7187 | D:7      | Found a white marble altar of Elyvilon.
  7195 | D:7      | Reached XP level 10. HP: 57/57 MP: 17/22
  7354 | D:7      | Noticed Pikel
  7418 | D:7      | Found a sand-covered staircase.
  7423 | Ossuary  | Entered an ossuary
  7608 | D:7      | Killed Pikel
  7658 | D:7      | Found a flagged portal.
  7671 | Bailey   | Entered a bailey
  7699 | Bailey   | Learned a level 6 spell: Starburst
  7780 | Bailey   | Reached *** piety under Sif Muna
  7982 | Bailey   | Reached skill level 1 in Shields
  8235 | Bailey   | Noticed an orc knight
  8235 | Bailey   | Noticed an orc knight
  8248 | Bailey   | Killed an orc knight
  8289 | Bailey   | Killed an orc knight
  8476 | D:7      | Reached XP level 11. HP: 62/62 MP: 20/23
  8849 | D:7      | Found an opulent altar of Gozag.
  9454 | D:8      | Found an ancient bone altar of Kikubaaqudgha.
  9779 | D:9      | Found a staircase to the Lair.
  9794 | D:9      | Reached **** piety under Sif Muna
 10051 | D:9      | Found a radiant altar of Vehumet.
 10054 | D:9      | Found a shadowy altar of Dithmenos.
 10056 | D:9      | Found a burning altar of Makhleb.
 10324 | D:10     | Entered Level 10 of the Dungeon
 10457 | D:10     | Reached skill level 1 in Fighting
 10459 | D:10     | HP: 2/63 [centaur warrior zombie (6)]
 10466 | D:10     | Reached skill level 1 in Hexes
 10696 | D:10     | HP: 3/63 [centaur warrior zombie (4)]
 10710 | D:10     | Gained mutation: You are somewhat resistant to further
                  | mutation. [potion of mutation]
 10857 | D:10     | Reached skill level 10 in Conjurations
 10979 | D:10     | Found a broken altar of Ashenzari.
 11006 | D:10     | Reached XP level 12. HP: 55/69 MP: 7/25
 11030 | D:10     | Reached ***** piety under Sif Muna
 11041 | D:10     | Reached skill level 10 in Spellcasting
 11060 | D:10     | Reached skill level 5 in Shields
 11404 | D:10     | Reached skill level 10 in Fire Magic
 11718 | D:10     | Found a glowing golden altar of the Shining One.
 12298 | D:11     | Noticed Nergalle
 12301 | D:11     | Killed Nergalle
 12316 | D:11     | Learned a level 7 spell: Orb of Destruction
 12330 | D:11     | Noticed Erolcha
 12337 | D:11     | Killed Erolcha
 12496 | D:11     | Noticed Maurice
 12501 | D:11     | Killed Maurice
 12541 | D:11     | Noticed a boulder beetle
 12721 | D:11     | Found a staircase to the Orcish Mines.
 12783 | D:11     | Received a gift from Sif Muna
 12784 | D:11     | Got Leydod's Anthology of Wild Clay {god gift}
 12789 | D:11     | Learned a level 3 spell: Stone Arrow
 13057 | D:11     | Killed a boulder beetle
 13058 | D:11     | Reached XP level 13. HP: 74/74 MP: 15/27
 13144 | Orc:1    | Entered Level 1 of the Orcish Mines
 13162 | Orc:1    | Reached skill level 1 in Earth Magic
 13265 | Orc:1    | Found Dem Anap's Magic Scroll Shoppe.
 13279 | Orc:1    | Bought a scroll of blinking for 105 gold pieces
 13468 | D:3      | Bought a +6 ring of intelligence for 468 gold pieces
 13468 | D:3      | Bought a ring of wizardry for 390 gold pieces
 13815 | Orc:2    | Entered Level 2 of the Orcish Mines
 14123 | Orc:2    | Found a staircase to the Elven Halls.
 14846 | Orc:2    | Found Lotienirph's Distillery.
 14849 | Orc:2    | Found Jysitich's General Store.
 15738 | Orc:2    | Received a gift from Sif Muna
 16084 | Orc:2    | Found Ysmeaz's Book Shop.
 16084 | Orc:2    | Found Laeps's Antique Weapon Boutique.
 16085 | Orc:2    | Found a one-way gate leading to the halls of Pandemonium.
 16089 | Orc:2    | Bought a transparent falchion for 240 gold pieces
 16089 | Orc:2    | Identified the +7 falchion of Inconvenience {flame, Int+2}
                  | (You bought it in a shop on level 2 of the Orcish Mines)
 16109 | Orc:2    | Learned a level 3 spell: Mephitic Cloud
 16167 | Orc:1    | Reached XP level 14. HP: 71/80 MP: 25/29
 16799 | Lair:1   | Entered Level 1 of the Lair of Beasts
 16893 | Lair:1   | Noticed Gastronok
 16905 | Lair:1   | Killed Gastronok
 17208 | Lair:1   | Noticed Harold
 17217 | Lair:1   | Killed Harold
 17504 | Lair:1   | Reached skill level 5 in Earth Magic
 17971 | Lair:2   | You fall into a shaft and drop 1 floor!
 18050 | Lair:3   | Found a gate leading to a gauntlet.
 18059 | Gauntlet | Entered a Gauntlet
 18059 | Gauntlet | Found a transporter.
 18059 | Gauntlet | Found a transporter.
 18065 | Gauntlet | Found a transporter.
 18080 | Gauntlet | Found a transporter.
 18096 | Gauntlet | Found a transporter.
 18109 | Gauntlet | Found a transporter.
 18125 | Gauntlet | Found a transporter.
 18193 | Gauntlet | Found a transporter.
 18207 | Gauntlet | Found a transporter.
 18229 | Gauntlet | Found a transporter.
 18236 | Gauntlet | Found a transporter.
 18253 | Gauntlet | Found a transporter.
 18320 | Gauntlet | Found a transporter.
 18330 | Gauntlet | Found a transporter.
 18340 | Gauntlet | Found a transporter.
 18376 | Gauntlet | Found a transporter.
 18439 | Gauntlet | Received a gift from Sif Muna
 18440 | Gauntlet | Got Asmodeus's Elucidation of Burnt Arcane Weapons {god
                  | gift}
 18489 | Gauntlet | Identified the +0 hat of Somewhere Else {Str+5 Int+2 Dex-5}
 18705 | Lair:2   | Noticed Maggie
 18711 | Lair:2   | Killed Maggie
 18720 | Lair:2   | Lost mutation: You are somewhat resistant to further
                  | mutation. [potion of mutation]
 18720 | Lair:2   | Gained mutation: You have supernaturally acute eyesight.
                  | (SInv) [potion of mutation]
 18720 | Lair:2   | Gained mutation: One of your tentacles bears a spike.
                  | [potion of mutation]
 18720 | Lair:2   | Gained mutation: Your system is resistant to poisons.
                  | (rPois) [potion of mutation]
 18884 | Lair:2   | Noticed Amaemon
 18888 | Lair:2   | Killed Amaemon
 19158 | D:3      | Bought a +4 ring of protection for 468 gold pieces
 19344 | Lair:2   | Noticed Prince Ribbit
 19348 | Lair:2   | Killed Prince Ribbit
 19379 | Lair:2   | Learned a level 3 spell: Call Canine Familiar
 20167 | Lair:3   | Found a hole to the Spider Nest.
 20650 | Lair:3   | Found a staircase to the Shoals.
 21060 | Lair:4   | Reached skill level 1 in Summonings
 21216 | Lair:4   | Found a shimmering altar of Xom.
 21383 | Lair:4   | Reached XP level 15. HP: 85/85 MP: 25/32
 21432 | Lair:4   | Received a gift from Sif Muna
 21438 | Lair:4   | Got Sif Muna's Elucidation of Firn and the Mortuary {god
                  | gift}
 22015 | Lair:5   | Entered Level 5 of the Lair of Beasts
 22015 | Lair:5   | Found a viscous altar of Jiyva.
 22023 | Lair:5   | Noticed Sonja
 22077 | Lair:5   | Killed Sonja
 22102 | Lair:5   | Found a staircase to the Slime Pits.
 22835 | Lair:5   | Received a gift from Sif Muna
 22918 | Lair:5   | Learned a level 2 spell: Blink
 23283 | Lair:5   | Reached skill level 1 in Air Magic
 23563 | Lair:5   | Found a runed translucent door.
 23575 | Lair:5   | Reached skill level 1 in Poison Magic
 23881 | D:3      | Bought a +4 ring of protection for 468 gold pieces
 24575 | Shoals:1 | Entered Level 1 of the Shoals
 24575 | Shoals:1 | Noticed Wewuh's ghost (adept GrFi)
 24575 | Shoals:1 | Found a runed translucent gate.
 24575 | Shoals:1 | Found a runed translucent gate.
 24575 | Shoals:1 | Found a runed translucent gate.
 25583 | Shoals:1 | Reached XP level 16. HP: 90/91 MP: 20/34
 25773 | Shoals:1 | Killed Wewuh's ghost
 25773 | Shoals:1 | Received a gift from Sif Muna
 25774 | Shoals:1 | Reached skill level 5 in Summonings
 25778 | Shoals:1 | Got Sif Muna's Elucidation of Gusty Shadows {god gift}
 26129 | Shoals:2 | Noticed Louise
 26136 | Shoals:2 | Killed Louise
 26329 | Shoals:2 | Found a runed translucent gate.
 26329 | Shoals:2 | Found a runed translucent gate.
 26332 | Shoals:2 | Found a runed translucent gate.
 26353 | Shoals:2 | Noticed Jemet's ghost (adept DDFi)
 26353 | Shoals:2 | Noticed Yceroow's ghost (adept DECj)
 26931 | Shoals:2 | Killed Yceroow's ghost
 26972 | Shoals:2 | Killed Jemet's ghost
 27658 | Shoals:3 | Reached skill level 15 in Spellcasting
 28483 | Shoals:3 | Received a gift from Sif Muna
 28592 | Shoals:3 | Identified the +1 robe of Patterns {rElec rC++ Int-2
                  | Archmagi}
 29122 | Shoals:4 | Entered Level 4 of the Shoals
 29216 | Shoals:4 | Found a flickering gateway to a bazaar.
 29225 | Bazaar   | Entered a bazaar
 29403 | Bazaar   | Found Xasuaf's Armour Shoppe.
 29432 | Bazaar   | Found Yfeocenn's Antique Weapon Boutique.
 29469 | Bazaar   | Found Pale's Book Shoppe.
 29480 | Bazaar   | Found Caifoew's Book Shoppe.
 29845 | Bazaar   | Bought a shimmering mace for 184 gold pieces
 29845 | Bazaar   | Identified the +8 mace "Vififylu" {flame, rElec rC+ rN++}
                  | (You bought it in a shop in a bazaar)
 30314 | Shoals:4 | Reached XP level 17. HP: 96/96 MP: 5/36
 30775 | Shoals:4 | Found Wuhuor Alekk's Overcharged Wands.
 31421 | Shoals:4 | Reached skill level 15 in Conjurations
 31850 | Shoals:4 | Got a barnacled rune of Zot
 33332 | Spider:1 | Entered Level 1 of the Spider Nest
 34208 | Spider:1 | Received a gift from Sif Muna
 34209 | Spider:1 | Got Vicot's Vellum of the Dimensional Lithosphere {god
                  | gift}
 34215 | Spider:1 | Learned a level 4 spell: Iskenderun's Mystic Blast
 35060 | Spider:2 | Reached skill level 1 in Translocations
 35222 | Spider:2 | Reached skill level 5 in Dodging
 35258 | Spider:2 | Reached XP level 18. HP: 36/102 MP: 13/38
 35583 | Spider:2 | Reached skill level 15 in Fire Magic
 35594 | Spider:2 | Received a gift from Sif Muna
 35671 | Spider:2 | Got Hezy Riu's Almanac of the Dynamic Wyrd {god gift}
 36666 | Spider:3 | Reached skill level 1 in Evocations
 36825 | Spider:3 | Identified the ring of Araf {rF+ rN+ Will- SInv}
 37667 | Spider:3 | Learned a level 3 spell: Hailstorm
 38019 | Spider:4 | Entered Level 4 of the Spider Nest
 38218 | Spider:4 | Received a gift from Sif Muna
 38242 | Spider:4 | Got Sif Muna's Incunabulum of Minerals and Command {god
                  | gift}
 38255 | Spider:4 | Learned a level 7 spell: Spellforged Servitor
 38876 | D:3      | Bought a ring of resist corrosion for 260 gold pieces
 39992 | Spider:4 | HP: 2/103 [culicivora (13)]
 40839 | Spider:4 | Got a gossamer rune of Zot
 41152 | Elf:1    | Entered Level 1 of the Elven Halls
 41159 | Elf:1    | Reached XP level 19. HP: 108/108 MP: 30/40
 41575 | Elf:1    | Identified the +4 broad axe "Vef Rypp" {heavy, Int+5 SInv}
 41689 | Elf:1    | Paralysed by an air elemental for 1 turns
 41885 | Elf:1    | Found Osajinevo's General Store.
 41921 | Elf:1    | Found Tixeisec's Armour Shoppe.
 41950 | Elf:1    | Received a gift from Sif Muna
 41967 | Elf:1    | Got Sif Muna's Notes on Flammable Concussion {god gift}
 42034 | Elf:1    | Learned a level 8 spell: Ignition
 42042 | Elf:1    | Found Yzutsoti's Magic Scroll Boutique.
 42047 | Elf:1    | Bought a scroll of blinking for 135 gold pieces
 42047 | Elf:1    | Bought a scroll of butterflies for 72 gold pieces
 42937 | Elf:2    | Found a runed translucent gate.
 42937 | Elf:2    | Found a runed translucent gate.
 42948 | Elf:2    | Found a runed translucent gate.
 43012 | Elf:2    | Found Viraczoi's General Store.
 43191 | Elf:2    | Reached skill level 1 in Maces & Flails
 44560 | Elf:3    | Entered Level 3 of the Elven Halls
 44560 | Elf:3    | Found a runed translucent gate.
 44560 | Elf:3    | Found a runed translucent gate.
 44560 | Elf:3    | Found a runed translucent gate.
 44568 | Elf:3    | Noticed Caratheodory's ghost (adept OpAE)
 44666 | Elf:3    | Noticed a Brimstone Fiend
 44931 | Elf:3    | Identified the ring "Zais" {rCorr Slay+3}
 44937 | Elf:3    | Reached XP level 20. HP: 62/114 MP: 4/41
 44946 | Elf:3    | Received a gift from Sif Muna
 45121 | Elf:3    | Got Dispater's Codex of Injury and Command {god gift}
 45180 | Elf:3    | Identified the amulet "Emalohu" {RegenMP Drain Str+4 Dex+3
                  | Stlth+}
 45471 | Elf:3    | Identified the ring "Fiofeffekhle" {Str+5 Int+6}
 46102 | Elf:3    | Got the Omnibus of Traumaturgy and Rallying
 46138 | Elf:3    | Got Juilep Wahi's Reference Book on the Galvanic Grave
 46140 | Elf:3    | Got the Lessons on Corruption
 46567 | Elf:3    | Found a portal to a secret trove of treasure.
 47261 | Elf:3    | Noticed Nikola
 47389 | Elf:3    | Killed Nikola
 47548 | Elf:3    | Killed Caratheodory's ghost
 47564 | Elf:3    | Identified the +0 pair of boots of Sloth {Int+5 Dex+2}
 48308 | D:12     | Found Lodwuag's Jewellery Emporium.
 48645 | D:12     | Found Ceufekha's Weapon Emporium.
 48804 | D:12     | Found Xessutz's Antique Armour Emporium.
 48865 | D:12     | Noticed Psyche
 48867 | D:12     | Killed Psyche
 49299 | D:13     | Reached skill level 10 in Shields
 49654 | D:13     | Found a gate to the Vaults.
 50146 | D:13     | Found an ornate altar of the Wu Jian Council.
 50384 | D:13     | Found the +10 morningstar "Eos" {elec, Halo rElec}
 50391 | D:13     | Identified the +3 rapier "Saps" {heavy, rN++}
 50965 | D:14     | Noticed Josephine
 50971 | D:14     | Killed Josephine
 51189 | D:14     | Identified a scroll of acquirement
 51197 | D:14     | Acquired the +4 buckler of Plasticity {rPois rCorr}
 51243 | D:14     | Noticed Snorg
 51752 | D:14     | Killed Snorg
 52046 | D:15     | Entered Level 15 of the Dungeon
 52068 | D:15     | Found a staircase to the Depths.
 52259 | D:15     | Found a stormy altar of Qazlal.
 52574 | D:15     | Received a gift from Sif Muna
 52579 | D:15     | Got Sif Muna's Tome of Distorted Refrigeration {god gift}
 53405 | Vaults:1 | Entered Level 1 of the Vaults
 53568 | Vaults:1 | Reached XP level 21. HP: 119/119 MP: 13/43
 55899 | Vaults:2 | Found a staircase to the Crypt.
 56013 | Vaults:2 | Identified the +9 rapier "Witok" {venom, rF+ rN+ Int+3
                  | Dex-4}
 56607 | Vaults:2 | Reached skill level 10 in Invocations
 56853 | Vaults:2 | Received a gift from Sif Muna
 56854 | Vaults:2 | Got Sif Muna's Grimoire of Phlogiston {god gift}
 58866 | Vaults:3 | Reached XP level 22. HP: 125/125 MP: 36/45
 59423 | Elf:3    | You paid a toll of a +5 demon trident to enter a treasure
                  | trove
 59424 | Trove    | Entered a treasure trove
 59424 | Trove    | Found the amulet of the Air {Inacc Air Fly rElec RMsl}
 59424 | Trove    | Found the amulet of the Four Winds {rN+ Will+++ Clar}
 59428 | Trove    | Identified the ring of Fajimn {rC+ Will+ rCorr Int-5 Dex+2}
 59436 | Trove    | Identified the ring "Meryog" {Will+ rCorr EV+5 Dex+4}
 59449 | Trove    | Identified the ring of Gosto {rElec rC+ Str-3 Stlth+}
 62936 | Vaults:4 | Noticed Boris
 62944 | Vaults:4 | Killed Boris
 63390 | Vaults:4 | Noticed Bai Suzhen
 63401 | Vaults:4 | Received a gift from Sif Muna
 63411 | Vaults:4 | Killed Bai Suzhen
 63663 | Vaults:4 | Learned a level 9 spell: Fire Storm
 63673 | Vaults:4 | Identified the ring of Peace {rN+ rCorr Int+2}
 64640 | Vaults:5 | Entered Level 5 of the Vaults
 64661 | Vaults:5 | Noticed a golden dragon
 64672 | Vaults:5 | Killed a golden dragon
 64673 | Vaults:5 | Reached XP level 23. HP: 97/131 MP: 20/47
 64726 | Vaults:5 | Noticed an ancient lich
 64732 | Vaults:5 | Killed an ancient lich
 65039 | Vaults:5 | Identified the +3 war axe "Juonk" {drain, Str+6}
 65908 | Vaults:5 | Noticed a golden dragon
 65912 | Vaults:5 | Killed a golden dragon
 66612 | Vaults:5 | Reached skill level 15 in Shields
 66652 | Vaults:5 | Identified the +6 flail "Plog" {elec, rF- rCorr SInv}
 66653 | Vaults:5 | Received a gift from Sif Muna
 66654 | Vaults:5 | Got Sif Muna's Almanac of Allied Shapeshifting {god gift}
 67132 | Vaults:5 | Found the +3 giant club "Skullcrusher" {speed, Str+7}
 67204 | Vaults:5 | Found the +6 arbalest "Damnation" {damnation}
 67209 | Vaults:5 | Identified the +7 spear "Isatwiowk" {venom, Str+4}
 68802 | Vaults:5 | Got a silver rune of Zot
 69122 | Slime:1  | Entered Level 1 of the Pits of Slime
 70371 | Slime:3  | Reached XP level 24. HP: 117/136 MP: 28/47
 71257 | Slime:4  | Gained mutation: You are weak. (Str -2) [a shining eye]
 71258 | Slime:4  | Received a gift from Sif Muna
 71259 | Slime:4  | Got Sif Muna's Cyclopedia of the Energetic Deep Freeze {god
                  | gift}
 71551 | Slime:5  | Entered Level 5 of the Pits of Slime
 71605 | Slime:5  | Noticed the Royal Jelly
 71876 | Slime:5  | Found a viscous altar of Jiyva.
 71880 | Slime:5  | Found the +18 shield of the Gong {Loud rElec rN+ Will+
                  | EV-5}
 71962 | Slime:4  | HP: 3/136 [disintegration (52)]
 72358 | Slime:5  | Killed the Royal Jelly
 72778 | Slime:5  | Identified the +10 short sword of Perversion {holy, rPois
                  | rF- Dex+2}
 72791 | Slime:5  | Identified the +7 spear of the Changing Viper {heavy, rF+}
 72793 | Slime:5  | Got a slimy rune of Zot
 72881 | Slime:5  | Identified the amulet "Soawuwke" {Spirit Dex+3 SInv}
 74052 | Depths:1 | Entered Level 1 of the Depths
 74324 | Depths:1 | Received a gift from Sif Muna
 74337 | Depths:1 | Learned a level 6 spell: Dispersal
 74476 | Depths:1 | Learned a level 8 spell: Lehudib's Crystal Spear
 75180 | Depths:1 | Found a gateway to Hell.
 75898 | Depths:1 | Found the +3 salamander hide armour {Flames, rFlCloud rF++
                  | rC--}
 76901 | Depths:2 | Reached XP level 25. HP: 141/141 MP: 14/48
 77620 | Depths:2 | Reached skill level 5 in Translocations
 77965 | Depths:2 | Received a gift from Sif Muna
 78099 | Depths:2 | Noticed a juggernaut
 78107 | Depths:2 | Killed a juggernaut
 78265 | Depths:2 | Identified the +4 falchion of Purpose {heavy, rC+ rN+ Str+2
                  | Dex+3}
 78271 | Depths:2 | Identified the +12 trident of Courage {drain, rF- Will+
                  | rCorr MP+9 Dex+2}
 78272 | Depths:2 | Identified the +7 trident of Sharkskin {pain, *Slow rPois
                  | rN+ rCorr}
 79317 | Depths:2 | Found a shadowy altar of Dithmenos.
 80071 | Pan      | Entered Pandemonium
 80167 | Pan      | Noticed Mennas
 80215 | Pan      | Killed Mennas
 80396 | Pan      | Gained mutation: Your magical capacity is low. (-10% MP) [a
                  | neqoxec]
 81225 | Pan      | Received a gift from Sif Muna
 81233 | Pan      | Got Sif Muna's Handbook of Cooperative Astrapomancy {god
                  | gift}
 81615 | Pan      | Noticed Jeon the pandemonium lord
 81623 | Pan      | Killed Jeon the pandemonium lord
 83009 | Pan      | Found a white marble altar of Elyvilon.
 83713 | Pan      | Identified the -1 tower shield of Xom's Outrage {Will+}
 83778 | Pan      | Reached XP level 26. HP: 86/147 MP: 5/44
 83902 | Depths:2 | Escaped Pandemonium
 84070 | Depths:3 | Found Kiyf's Gadget Gallery.
 84121 | Depths:3 | Noticed Frederick
 84125 | Depths:3 | Killed Frederick
 84804 | Depths:3 | Found a one-way gateway to a ziggurat.
 84816 | Depths:3 | Learned a level 7 spell: Spellforged Servitor
 84817 | Zig:1    | Entered Level 1 of a ziggurat
 84844 | Zig:2    | Entered Level 2 of a ziggurat
 84844 | Zig:2    | Noticed Illowol the pandemonium lord
 84848 | Zig:2    | Killed Illowol the pandemonium lord
 84942 | Zig:3    | Entered Level 3 of a ziggurat
 85022 | Zig:4    | Entered Level 4 of a ziggurat
 85107 | Zig:4    | Identified the ring "Obecw" {EV+5 Dex+5}
 85128 | Zig:5    | Entered Level 5 of a ziggurat
 85131 | Zig:5    | Noticed Sioret the pandemonium lord
 85152 | Zig:5    | Killed Sioret the pandemonium lord
 85224 | Zig:6    | Entered Level 6 of a ziggurat
 85350 | Zig:7    | Entered Level 7 of a ziggurat
 85355 | Zig:7    | Received a gift from Sif Muna
 85369 | Zig:7    | Found the +8 mithril axe "Arga" {speed, Will+}
 85504 | Zig:7    | Lost mutation: Your system is resistant to poisons. (rPois)
                  | [potion of mutation]
 85504 | Zig:7    | Lost mutation: Your magical capacity is low. (-10% MP)
                  | [potion of mutation]
 85504 | Zig:7    | Gained mutation: You occasionally shout uncontrollably at
                  | your foes. [potion of mutation]
 85505 | Zig:7    | Lost mutation: You have supernaturally acute eyesight.
                  | (SInv) [potion of mutation]
 85505 | Zig:7    | Lost mutation: You are weak. (Str -2) [potion of mutation]
 85505 | Zig:7    | Gained mutation: You occasionally lose the ability to drink
                  | potions when taking damage. [potion of mutation]
 85505 | Zig:7    | Gained mutation: Your mind is acute. (Int +4, Str/Dex -1)
                  | [potion of mutation]
 85519 | Zig:8    | Entered Level 8 of a ziggurat
 85562 | Zig:8    | Identified the ring "Beatage" {Fire rPois}
 85566 | Zig:8    | Identified the +5 great mace "Eviscerator" {freeze, Will+
                  | Stlth+}
 85657 | Zig:9    | Entered Level 9 of a ziggurat
 85667 | Zig:9    | Noticed Coole the pandemonium lord
 85684 | Zig:9    | Killed Coole the pandemonium lord
 85890 | Zig:9    | Reached skill level 5 in Ice Magic
 85890 | Zig:9    | Reached XP level 27. HP: 152/152 MP: 49/49
 85907 | Zig:9    | Identified the +1 morningstar "Spiderbane" {elec, Int+3}
 85923 | Zig:10   | Entered Level 10 of a ziggurat
 85951 | Zig:10   | Identified the +0 scale mail of the End {rPois rCorr Str-3
                  | Dex+2}
 85959 | Zig:10   | Reached skill level 5 in Air Magic
 85964 | Zig:10   | Identified the +7 hand axe "Ajaesap" {heavy, rElec Will+
                  | Str+3}
 86015 | Zig:11   | Entered Level 11 of a ziggurat
 86034 | Zig:11   | Noticed a juggernaut
 86034 | Zig:11   | Noticed a juggernaut
 86042 | Zig:11   | Killed a juggernaut
 86043 | Zig:11   | Killed a juggernaut
 86229 | Zig:11   | Identified the +6 short sword of the Nine Ships {antimagic,
                  | Int+4}
 86246 | Zig:11   | Identified the +4 hand axe "Gughe" {spect, rN+ Str+3}
 86256 | Zig:12   | Entered Level 12 of a ziggurat
 86272 | Zig:12   | Received a gift from Sif Muna
 86273 | Zig:12   | Reached skill level 1 in Staves
 86273 | Zig:12   | Got Sif Muna's Vellum of the Coruscating Singularity {god
                  | gift}
 86282 | Zig:12   | Found the +7 captain's cutlass {speed, disarm}
 86294 | Zig:12   | Identified the ring of Haiwkaez {Int+4 Dex+6}
 86304 | Zig:12   | Lost mutation: One of your tentacles bears a spike. [potion
                  | of mutation]
 86304 | Zig:12   | Lost mutation: You occasionally shout uncontrollably at
                  | your foes. [potion of mutation]
 86304 | Zig:12   | Gained mutation: Your skin blends seamlessly with your
                  | surroundings (Stealth++). [potion of mutation]
 86304 | Zig:12   | Gained mutation: You expend magic power (3 MP) to
                  | strengthen your wands. [potion of mutation]
 86304 | Zig:12   | Gained mutation: You passively dampen the noise of your
                  | surroundings. [potion of mutation]
 86304 | Zig:12   | Gained mutation: You are agile. (Dex +4, Str/Int -1)
                  | [potion of mutation]
 86308 | Zig:12   | Identified the +1 arbalest of the Mashing Asp {heavy, Str+3
                  | Int+4 Stlth-}
 86324 | Zig:12   | Lost mutation: Your mind is acute. (Int +4, Str/Dex -1)
                  | [potion of mutation]
 86324 | Zig:12   | Lost mutation: You are agile. (Dex +4, Str/Int -1) [potion
                  | of mutation]
 86324 | Zig:12   | Lost mutation: You occasionally lose the ability to drink
                  | potions when taking damage. [potion of mutation]
 86324 | Zig:12   | Gained mutation: Your spells are a little harder to cast,
                  | but a little more powerful. [potion of mutation]
 86324 | Zig:12   | Gained mutation: You have a beak for a mouth. [potion of
                  | mutation]
 86422 | Zig:13   | Entered Level 13 of a ziggurat
 86744 | Zig:13   | Identified the amulet "Luujeamy" {Spirit rN+ Str+4 Int-2}
 86753 | Zig:13   | Identified the +0 leather armour "Ecrelaj" {Will- Str+8
                  | Int-2 SInv}
 86757 | Zig:13   | Identified the +4 ring mail of the Merchant {rPois}
 86759 | Zig:13   | Identified the +1 ring mail of the Zebra {rC++}
 86786 | Zig:14   | Entered Level 14 of a ziggurat
 86800 | Zig:14   | Noticed Esinas the pandemonium lord
 86804 | Zig:14   | Killed Esinas the pandemonium lord
 86805 | Zig:14   | Reached skill level 10 in Earth Magic
 87026 | Zig:14   | Identified the +1 scale mail of Fun and Games {Int+2}
 87034 | Zig:14   | Identified the +10 lajatang "Puuties" {heavy, rF+}
 87067 | Zig:15   | Entered Level 15 of a ziggurat
 87414 | Zig:16   | Entered Level 16 of a ziggurat
 87440 | Zig:16   | Killed an ancient lich
 87445 | Zig:16   | Received a gift from Sif Muna
 87751 | Zig:16   | Identified the +8 sling of Sunlight {freeze, rPois rC-
                  | Will+++ Int+2}
 87759 | Zig:16   | Identified the ring of Xom's Amusement {rPois rF+ Int+2}
 87764 | Zig:16   | Identified the +6 flail "Quusas" {spect, rCorr}
 87767 | Zig:16   | Identified the +0 robe "Pankiten" {Str+2}
 87769 | Zig:16   | Identified the +2 pair of boots of the Pleiades {rN+ SInv}
 87841 | Zig:17   | Entered Level 17 of a ziggurat
 87867 | Zig:17   | Paralysed by an air elemental for 1 turns
 87872 | Zig:17   | Paralysed by an air elemental for 1 turns
 87882 | Zig:17   | Received a gift from Sif Muna
 88104 | Zig:17   | Identified the +3 short sword of Conscience {flame, rN++
                  | Str+3 SInv}
 88111 | Zig:17   | Identified the ring "Vuesye Wymay" {rF+ rC+ Str+6}
 88115 | Zig:17   | Identified the ring of Past Mistakes {rF+ rN+ rCorr}
 88121 | Zig:17   | Identified the +0 plate armour of the Vanishing Ghosts
                  | {rN+}
 88125 | Zig:17   | Identified the +4 great sword "Yvupp" {venom, Dex+2}
 88197 | Zig:18   | Entered Level 18 of a ziggurat
 88454 | Zig:18   | Found the +9 staff of Wucad Mu {*channel}
 88472 | Zig:18   | Identified the +6 dagger "Doasox" {flame, Dex+3}
 88503 | Zig:18   | Identified the ring "Hobeajay" {rPois rCorr MP+9 Dex+6}
 88613 | Zig:19   | Entered Level 19 of a ziggurat
 88739 | Zig:19   | Received a gift from Sif Muna
 89058 | Zig:19   | Identified the +10 falchion of the Vaults {venom, rF+}
 89059 | Zig:19   | Identified the +7 mace "Saqetes" {heavy, Int+4}
 89065 | Zig:19   | Identified the ring "Juiteib" {rPois rF+}
 89082 | Zig:19   | Identified the +4 morningstar "Jicot" {venom, rC- Int+4
                  | Stlth+}
 89086 | Zig:19   | Identified the +5 dagger of the Shifting Tiger {flame, rF+}
 89103 | Zig:20   | Entered Level 20 of a ziggurat
 89405 | Zig:20   | Learned a level 5 spell: Summon Forest
 89493 | Zig:20   | Identified the +4 arbalest of World Downfall {freeze,
                  | Int+4}
 89497 | Zig:20   | Identified the +2 leather armour "Zialupuh" {rN+ Int+3
                  | Dex+2}
 89499 | Zig:20   | Identified the +3 morningstar "Oluriat" {venom, rElec
                  | rPois}
 89500 | Zig:20   | Identified the +1 eveningstar of the Peculiar Tales {elec,
                  | rC+ rCorr}
 89556 | Zig:21   | Entered Level 21 of a ziggurat
 89585 | Zig:21   | Received a gift from Sif Muna
 89592 | Zig:21   | Found the +4 Cigotuvi's embrace {Corpsefed rMiasma Drain
                  | rN+}
 89598 | Zig:21   | Identified the ring "Irumynar" {*Slow rF++ Will+ Int+3}
 89602 | Zig:21   | Identified the ring of Wu Jian's Hope {rN+ rCorr Int+3}
 89608 | Zig:21   | Identified the ring of Relyq {Ice rPois rN+}
 89623 | Zig:21   | Identified the +4 rapier of Sloth {flame, Dex+2}
 89627 | Zig:21   | Identified the +4 halberd of the Dungeon {flame, Str+3
                  | SInv}
 89631 | Zig:21   | Identified the +4 mace "Ykeifoj" {drain, rPois rC- rN+}
 89635 | Zig:21   | Identified the +5 sling of Lust {drain, rF+ rN++}
 89768 | Zig:22   | Entered Level 22 of a ziggurat
 90150 | Zig:22   | Found the +15 Maxwell's patent armour {-Cast -Tele rElec
                  | Will+ rCorr}
 90164 | Zig:22   | Identified the ring of Gozuh {Ice rN+}
 90178 | Zig:22   | Identified the +6 rapier of Change {drain, rElec MP+9 Int-2
                  | SInv}
 90189 | Zig:22   | Identified the +5 ring mail of Mutualism {rN+ Int+3 Dex-4}
 90201 | Zig:22   | Identified the +1 pair of gloves of Kungej {Int+3 Slay+3}
 90205 | Zig:22   | Identified the +3 great sword "Qeham Axopa" {drain, Str-2
                  | Int+3 Dex+4}
 90232 | Zig:23   | Entered Level 23 of a ziggurat
 90245 | Zig:23   | Noticed Geadoph the pandemonium lord
 90245 | Zig:23   | Noticed Farutz the pandemonium lord
 90245 | Zig:23   | Noticed Tuwy the pandemonium lord
 90257 | Zig:23   | Killed Farutz the pandemonium lord
 90258 | Zig:23   | Killed Tuwy the pandemonium lord
 90259 | Zig:23   | Killed Geadoph the pandemonium lord
 90259 | Zig:23   | Noticed Hoehuuro the pandemonium lord
 90266 | Zig:23   | Killed Hoehuuro the pandemonium lord
 90289 | Zig:23   | Noticed Isale the pandemonium lord
 90293 | Zig:23   | Killed Isale the pandemonium lord
 90293 | Zig:23   | Noticed Vabob the pandemonium lord
 90293 | Zig:23   | Noticed Doojesai the pandemonium lord
 90301 | Zig:23   | Killed Vabob the pandemonium lord
 90301 | Zig:23   | Received a gift from Sif Muna
 90328 | Zig:23   | Noticed Assurph the pandemonium lord
 90337 | Zig:23   | Noticed Eleyxoem the pandemonium lord
 90337 | Zig:23   | Noticed Nutazea the pandemonium lord
 90337 | Zig:23   | Noticed Dumaugi the pandemonium lord
 90340 | Zig:23   | Noticed Pawkieje the pandemonium lord
 90340 | Zig:23   | Noticed Inetzyi the pandemonium lord
 90340 | Zig:23   | Noticed Uwnet the pandemonium lord
 90355 | Zig:23   | Killed Inetzyi the pandemonium lord
 90386 | Zig:23   | Killed Dumaugi the pandemonium lord
 90387 | Zig:23   | Killed Assurph the pandemonium lord
 90388 | Zig:23   | Killed Pawkieje the pandemonium lord
 90390 | Zig:23   | HP: 3/129 [Hell Sentinel/damnation[Nutazea] (26)]
 90397 | Zig:23   | Killed Nutazea the pandemonium lord
 90430 | Zig:23   | Found the ring of the Hare {EV+10}
 90441 | Zig:23   | Identified the +4 dagger of Diet Blood {drain, Str+2 Dex+5}
 90443 | Zig:23   | Identified the +7 demon blade "Vaijag" {speed, rPois rC+
                  | Will- Dex+5}
 90451 | Zig:23   | Identified the +7 glaive "Dexoygih" {flame, rElec rC+}
 90457 | Zig:23   | Killed from afar by Eleyxoem the pandemonium lord

Illustrated notes

Levels and vault maps discovered:
D:1:      onia_arrival_handbag, layout_loops_cross, basic_ecumenical_altar,
          serial_shops, nicolae_shop_advertising_works
          [nicolae_subvault_shop_adworks]
D:2:      layout_loops_ring, basic_altar, minmay_tetromino_l2, uniq_sigmund
D:3:      minmay_evil_eye, layout_rooms, lemuel_blue_sif_altar, serial_shops,
          shop, serial_bayou, serial_bayou_shore_a, serial_bayou_ford_a,
          serial_bayou_lagoon_a, serial_bayou_pond_e, serial_bayou_lake_a,
          serial_bayou_pond_d
D:4:      layout_loops_ring, zin_scriptorium, minmay_misc_feat_rugged
D:5:      layout_basic, minmay_temple_entry_water_ring, serial_co_window_serial,
          co_window_of_opportunity_a, co_window_of_opportunity_a,
          co_window_paths_a, co_window_paths_a, co_window_paths_a,
          co_window_unsneaky_path_e, co_window_broadway_a, co_window_corner_b,
          co_window_paths_d, glass_columns_a, glass_columns_a, glass_columns_b,
          glass_columns_a
D:6:      layout_loops_ring, kennysheep_little_box, general_overflow_altar,
          lightli_temple_of_fire, amcnicky_altar_lugonu_corruption
D:7:      layout_basic, marbit_many_paths, mainiacjoe_overflow_catwalk,
          enter_bailey_3, enter_ossuary_5, uniq_pikel
D:8:      layout_cave_pools, kiku_gazebo_pond_becter
D:9:      layout_rooms, minitemple, david_lair_generic, nzn_life_drinkers
D:10:     layout_loops_ring, mainiacjoe_overflow_alcove_4,
          cheibrodos_ashenzari_chains, serial_undead, serial_undead_a,
          serial_undead_e, serial_undead_e, serial_undead_a, serial_undead_f,
          serial_undead_c, serial_undead_b, serial_undead_b, serial_undead_d,
          serial_undead_e
D:11:     layout_roguey, david_orc_2, uniq_nergalle, uniq_erolcha, uniq_maurice
D:12:     minmay_ambush_box, layout_grid_maze, serial_shops, nicolae_shop_stone,
          nicolae_square_shop, nicolae_shop_statue_plus, uniq_psyche
D:13:     layout_roguey, skrybe_vaults_entry_preservation,
          nicolae_wu_jian_glorious_leap
D:14:     layout_loops_corners, minmay_misc_feat_encased, uniq_snorg,
          uniq_josephine
D:15:     hangedman_depths_entry_try_elsewhere_first, layout_basic,
          grunt_qazlal_clouds
Lair:1:   layout_cave_pods, uniq_harold, uniq_gastronok
Lair:2:   layout_long_grid, hangedman_lair_generics_rect, lemuel_fruit_tree,
          uniq_amaemon, uniq_prince_ribbit2, uniq_maggie
Lair:3:   layout_gridlike, elwin_shoals_entry_stream,
          nicolae_spider_entry_lesser_pyramids, gauntlet_entry_generic,
          nicolae_lair_run_with_the_wolves
Lair:4:   beast_lair_carwin_large_3, layout_gridlike, basic_altar
Lair:5:   wormcave, layout_cave_pods, hangedman_lair_caniforms_friends,
          minmay_slime_entry_pillars, roderic_batcave, uniq_sonja
Shoals:1: layout_shoals, gammafunk_ghost_necromancy
Shoals:2: layout_shoals, gammafunk_ghost_cemetery, uniq_louise
Shoals:3: layout_shoals, nicolae_shoals_wave_tunnel
Shoals:4: shoals_end_grunt_ice, layout_shoals, serial_shops,
          bzr_entry_customers, abandoned_shop, nicolae_shop_overcharged_wands
Spider:1: layout_spider_delve
Spider:2: layout_spider_delve, portal_ice_cave_entry_ugly_swarm,
          nicolae_spider_cling_halls
Spider:3: nicolae_spider_hilbert_zone_5 [nicolae_spider_hilbert_3_sides_1_open,
          nicolae_spider_hilbert_4_sides_1_open,
          nicolae_spider_hilbert_4_sides_1_open,
          nicolae_spider_hilbert_6_sides_1_open,
          nicolae_spider_hilbert_6_sides_1_open]
Spider:4: guppyfry_spider_rune
Slime:1:  layout_caves
Slime:2:  layout_caves, cheibrodos_slime_lost_civilization_7
Slime:3:  layout_caves
Slime:4:  layout_caves, nicolae_slime_getting_an_eyeful
Slime:5
Orc:1:    layout_caves, serial_shops, shop
Orc:2:    pf_orc_diabolical, layout_caves
Elf:1:    eino_elf_arrival_shootout, layout_loops_cross, serial_shops,
          nicolae_take_the_stairs, nicolae_shop_waterfront,
          nicolae_shop_hallway_plus, minmay_elf_annihilation
Elf:2:    elven_hall_of_blades_hangedman_original
          [nicolae_blade_entry_pointy_end], layout_geoelf_diagonals,
          serial_shops, shop_statue
Elf:3:    nooodl_elf_gasket, layout_geoelf_octagon,
          gammafunk_ghost_tricky_traps, enter_trove_1, uniq_nikola
Vaults:1: grunt_vaults_bifocal, ontoclasm_vaults_idyll,
          vaults_room_stairs_pillars, nicolae_vaults_alarming,
          hangedman_vaults_nodes, vaults_standard_mumra_x,
          hangedman_vaults_stretched_pinwheel, v_misc_8, st_star,
          vaults_dpeg_ring, nicolae_vaults_mini_display_case,
          vaults_room_door_ring, layout_vaults_big_room
Vaults:2: vaults_room_pool, v_misc_22, minmay_crypt_entry_simple_box, v_misc_28,
          nicolae_vaults_specimen_jars, v_misc_28, vaults_room_door_hall,
          hangedman_vaults_stream, st_lines, vaults_dpeg_hooks,
          layout_vaults_omnicross
Vaults:3: v_misc_16, hangedman_vaults_hat, nicolae_vaults_border_crossing,
          v_alt_pattern_3, nicolae_vaults_display_case, v_misc_30,
          ontoclasm_vaults_gateway, v_misc_10, vaults_mumra_hex,
          vaults_room_pools, layout_vaults_omnigrid
Vaults:4: nicolae_vaults_little_squares_3, nicolae_vaults_gold_heap,
          grunt_vaults_twisty, hangedman_vaults_unwind,
          nicolae_vaults_ninety_degrees, nicolae_vaults_bisected_inception,
          nicolae_vaults_little_squares_1, ontoclasm_vaults_ring_square,
          st_hourglassy, v_alt_pattern_3, v_misc_28, layout_vaults_omnibox,
          uniq_bai_suzhen, uniq_boris
Vaults:5
Depths:1: layout_honeycomb, hellmouth_3, minmay_strange_pillars,
          serial_sigils_hangedman_shear, minmay_misc_feat_x,
          ebering_dispersal_statue_hall, nicolae_twisting_strands,
          abandoned_shop, grunt_ministairs_4, kennysheep_underground_church
Depths:2: giant_chief_lemuel, layout_gridlike, pf_vacation_house_of_asmodeus,
          marbit_kobold_abyss_entry, rand_demon_pan_entry_9,
          minmay_misc_feat_four_crosses, grunt_dithmenos_smoke
Depths:3: nicolae_cairo_tiling_very_big, layout_cave_shapes, ziggurat_fallback,
          trog_three_pillars_becter, hell_entry, minmay_room_of_horrors,
          nicolae_shop_gadgets, uniq_frederick
Zig:23

Skill      XL: |  1  2  3  4  5  6  7  8  9 10 11 12 13 14 15 16 17 18 19 20 21 22 23 24 25 26 27 |
---------------+----------------------------------------------------------------------------------+-----
Stealth        | 3 4 5 6 |  6.2
Spellcasting   | 3 4 5 8 9 10 11 13 14 15 16 17 18 19 20 21 22 25 | 25.0
Conjurations   | 2 3 4 8 10 11 12 13 14 15 16 17 18 19 20 21 23 25 | 25.6
Fire Magic     | 4 5 6 7 9 10 11 12 13 14 16 17 18 19 20 21 22 24 | 24.4
Invocations    | 1 2 3 8 9 10 11 12 14 | 14.6
Axes           | 1 2 |  2.5
Shields        | 2 4 5 7 8 9 10 12 14 15 16 20 | 20.5
Fighting       | 1 2 3 4 |  4.0
Hexes          | 1 2 3 6 |  6.3
Dodging        | 3 4 5 6 7 |  7.2
Earth Magic    | 4 5 7 8 10 | 10.2
Summonings     | 2 4 6 7 |  7.1
Air Magic      | 1 2 5 |  5.9
Poison Magic   | 1 2 |  2.3
Translocations | 1 2 3 4 6 7 8 |  8.3
Evocations     | 1 |  1.7
Maces & Flails | 2 3 |  3.0
Ice Magic      | 5 |  5.1
Staves         | 1 |  1.5
Short Blades   | |  0.7
Necromancy     | |  0.9

Action                     |  1- 3 |  4- 6 |  7- 9 | 10-12 | 13-15 | 16-18 | 19-21 | 22-24 | 25-27 || total
---------------------------+-------+-------+-------+-------+-------+-------+-------+-------+-------++-------
  Melee: Tentacles         |     6 |     2 |     2 |       |     8 |     9 |    36 |     5 |    10 ||    78
         Unarmed           |     2 |       |       |       |       |       |       |       |       ||     2
         Constrict         |     5 |     4 |     9 |     3 |     9 |     2 |    12 |     3 |     3 ||    50
         Dagger            |    15 |    12 |       |       |       |       |       |       |       ||    27
         Short sword       |       |     2 |       |       |       |       |       |       |       ||     2
         Hand axe          |       |     1 |    31 |     6 |     2 |       |       |       |       ||    40
         Punch             |       |       |     1 |       |     1 |       |     4 |     1 |       ||     7
         Falchion          |       |       |       |       |     4 |       |       |       |       ||     4
         Staff             |       |       |       |       |    19 |     5 |       |       |    27 ||    51
         Kick              |       |       |       |       |    11 |     8 |    49 |    11 |     7 ||    86
         Mace              |       |       |       |       |       |    15 |   105 |    19 |       ||   139
         Peck              |       |       |       |       |       |       |       |       |     3 ||     3
   Cast: Foxfire           |    45 |    77 |   107 |   172 |   280 |   130 |    26 |    26 |    61 ||   924
         Inner Flame       |     1 |     1 |     5 |    26 |    40 |       |       |       |       ||    73
         Scorch            |       |     7 |    30 |    76 |   128 |   183 |    94 |    61 |    25 ||   604
         Flame Wave        |       |       |     1 |    37 |    71 |    53 |    30 |     5 |     4 ||   201
         Slow              |       |       |     1 |     4 |     1 |       |       |       |       ||     6
         Fireball          |       |       |       |    53 |   109 |   180 |    57 |    29 |     7 ||   435
         Starburst         |       |       |       |     3 |    37 |    63 |    20 |       |       ||   123
         Orb of Destructio |       |       |       |       |    37 |   187 |   167 |   228 |   157 ||   776
         Stone Arrow       |       |       |       |       |    10 |       |     4 |       |       ||    14
         Mephitic Cloud    |       |       |       |       |    23 |    21 |    23 |     7 |       ||    74
         Blink             |       |       |       |       |     4 |    11 |     2 |    11 |    12 ||    40
         Call Canine Famil |       |       |       |       |     1 |     3 |     2 |       |     1 ||     7
         Iskenderun's Myst |       |       |       |       |       |    58 |    70 |    75 |    67 ||   270
         Fire Storm        |       |       |       |       |       |     1 |       |   107 |   222 ||   330
         Spellforged Servi |       |       |       |       |       |     6 |     7 |     4 |    18 ||    35
         Hailstorm         |       |       |       |       |       |     1 |     5 |     3 |    16 ||    25
         Ignition          |       |       |       |       |       |       |    95 |    65 |    23 ||   183
         Lehudib's Crystal |       |       |       |       |       |       |       |     2 |    53 ||    55
         Dispersal         |       |       |       |       |       |       |       |     1 |    12 ||    13
         Borgnjor's Revivi |       |       |       |       |       |       |       |       |     3 ||     3
         Summon Forest     |       |       |       |       |       |       |       |       |     2 ||     2
         Dragon's Call     |       |       |       |       |       |       |       |       |     1 ||     1
 Invoke: Channel Magic     |       |       |       |     3 |     4 |    15 |    14 |    23 |    38 ||    97
         Divine Exegesis   |       |       |       |       |       |     1 |       |       |     4 ||     5
  Evoke: Wand              |       |       |       |     5 |       |     3 |     7 |     2 |     4 ||    21
         Condenser vane    |       |       |       |       |       |     3 |     3 |     1 |       ||     7
    Use: Scroll            |       |     6 |     9 |    11 |     9 |    14 |     4 |    12 |    19 ||    84
         Potion            |       |     2 |     1 |    13 |     6 |    16 |     3 |    16 |    34 ||    91
   Stab: Sleeping          |     3 |     4 |     2 |       |       |       |     3 |       |       ||    12
         Confused          |       |       |       |       |     3 |       |     1 |       |       ||     4
 Armour: Skin              |       |     3 |     3 |    21 |    22 |    87 |    32 |    18 |    18 ||   204
  Dodge: Dodged            |    15 |    24 |    30 |   133 |   155 |   273 |   142 |   108 |    44 ||   924
  Block: Buckler           |       |       |       |    24 |    91 |   177 |   164 |    70 |       ||   526
         Reflection        |       |       |       |       |       |     4 |    29 |     1 |    30 ||    64
         Kite shield       |       |       |       |       |       |       |       |       |   218 ||   218

Table legend: (Time is in decaauts)
 A = Elapsed time spent in this place.
 B = Non-inter-level travel time spent in this place.
 C = Inter-level travel time spent in this place.
 D = Time resting spent in this place.
 E = Time spent auto-exploring this place.
 F = Levels seen in this place.
 G = Mean time per level.
                   A        B        C        D        E       F      G
               +--------+--------+--------+--------+--------+-----+--------+
         Total |  90455 |  84375 |   6080 |   9314 |  53958 |  77 | 1174.7 |
       Dungeon |  20104 |  17516 |   2588 |   1029 |  12620 |  15 | 1340.3 |
          Lair |   7800 |   6766 |   1034 |    731 |   4397 |   5 | 1560.0 |
        Shoals |   8087 |   7834 |    253 |   1016 |   5211 |   4 | 2021.8 |
   Spider Nest |   6893 |   6535 |    358 |   1163 |   3308 |   4 | 1723.2 |
    Slime Pits |   4409 |   4309 |    100 |    798 |   2706 |   5 |  881.8 |
  Orcish Mines |   3703 |   3168 |    535 |    489 |   1509 |   2 | 1851.5 |
   Elven Halls |   6636 |   5892 |    744 |    476 |   4028 |   3 | 2212.0 |
        Vaults |  14773 |  14414 |    359 |    935 |  10740 |   5 | 2954.6 |
        Depths |   6421 |   6316 |    105 |    510 |   4610 |   3 | 2140.3 |
   Pandemonium |   3830 |   3830 |      0 |    687 |   2302 |   3 | 1276.7 |
      Ziggurat |   5517 |   5517 |      0 |   1015 |   1987 |  23 |  239.9 |
        Bazaar |    734 |    734 |      0 |    300 |     74 |   1 |  734.0 |
         Trove |     88 |     88 |      0 |      0 |      0 |   1 |   88.0 |
       Ossuary |    164 |    164 |      0 |      0 |      0 |   1 |  164.0 |
        Bailey |    759 |    759 |      0 |    164 |    162 |   1 |  759.0 |
      Gauntlet |    530 |    530 |      0 |      0 |    304 |   1 |  530.0 |
               +--------+--------+--------+--------+--------+-----+--------+

Top non-repeatable levels by time:
Vaults:5: 3672 daAuts
Vaults:3: 3504 daAuts
   Orc:2: 2888 daAuts
Depths:2: 2849 daAuts
Shoals:4: 2834 daAuts
Depths:1: 2736 daAuts
Vaults:2: 2712 daAuts
Vaults:4: 2680 daAuts
   Elf:3: 2642 daAuts
  Lair:5: 2387 daAuts
   Elf:2: 2220 daAuts
Vaults:1: 2203 daAuts
Shoals:3: 2194 daAuts
    D:10: 1932 daAuts
Spider:2: 1923 daAuts
